 Dungeon Crawl Stone Soup version 0.20.1-1-g8b1a95d (webtiles) character file.

153 Ejeck the Covered (level 5, 0/46 HPs)
             Began as a Hill Orc Fighter on July 27, 2017.
             Slain by Gargoyl's ghost (1 damage)
             ... on level 3 of the Dungeon.
             The game lasted 00:06:36 (1855 turns).

Ejeck the Covered (Hill Orc Fighter)                Turns: 1855, Time: 00:06:36

Health: 0/46       AC: 12    Str: 19    XL:     5   Next: 35%
Magic:  5/5        EV:  3    Int:  8    God:
Gold:   128        SH:  9    Dex: 11    Spells: 4/4 levels left

rFire    . . .     SeeInvis .   a - +0 trident
rCold    . . .     Gourm    .   c - +0 shield
rNeg     . . .     Faith    .   p - +0 plate armour
rPois    .         Spirit   .   (no helmet)
rElec    .         Reflect  .   (no cloak)
rCorr    .         Harm     .   (no gloves)
MR       .....                  (no boots)
Stlth    ..........             m - amulet of rage
Regen    0.2/turn               (no ring)
MPRegen  0.1/turn               (no ring)

@: no status effects
A: no striking features
a: Evoke Berserk Rage


You were on level 3 of the Dungeon.
You were not hungry.

You visited 1 branch of the dungeon, and saw 3 of its levels.

You collected 128 gold pieces.

Inventory:

Hand Weapons
 a - a +0 trident (weapon)
Armour
 c - a +0 shield (worn)
 p - a +0 plate armour (worn)
Jewellery
 m - an amulet of rage (around neck)
Scrolls
 g - 3 scrolls of identify
 r - a scroll of blinking
Potions
 b - 2 potions of curing {unknown}
 d - 2 potions of might
 e - a potion of cancellation {unknown}
 i - a potion of mutation {unknown}
 j - a potion of brilliance {unknown}
 k - a potion of flight {unknown}
 l - a potion of resistance {unknown}
 n - a potion of haste {unknown}
 o - a potion of magic {unknown}
Comestibles
 f - 2 bread rations
 h - 3 meat rations


   Skills:
 + Level 4.1 Fighting
 + Level 3.7 Polearms
 + Level 4.5 Armour
 + Level 0.2 Dodging
 + Level 4.2 Shields


You had 4 spell levels left.
You didn't know any spells.

Dungeon Overview and Level Annotations

Branches:
Dungeon (3/15)

Altars:
Cheibriados

Annotations:
D:3 Gargoyl's ghost, amateur MiAK


Message History

You kill the orc!
Gargoyl's ghost hits you but does no damage.
Things that are here:
a club; a leather armour; an orc corpse
As you read the scroll of fog, it crumbles to dust.
The scroll dissolves into smoke.
Gargoyl's ghost hits you!
Gargoyl's ghost says, "You will never get the ORB!"
You block Gargoyl's ghost's attack.
You closely miss Gargoyl's ghost. Gargoyl's ghost barely misses you.
Gargoyl's ghost hits you!
* * * LOW HITPOINT WARNING * * *
x2 You hit Gargoyl's ghost.
Gargoyl's ghost is lightly damaged.
Gargoyl's ghost hits you.
* * * LOW HITPOINT WARNING * * *
x2 You hit Gargoyl's ghost.
Gargoyl's ghost is moderately damaged.
Gargoyl's ghost hits you.
* * * LOW HITPOINT WARNING * * *
You die...

#.##<..# #.
#.####.# #.#
#......# #.#
######.# #.. #.#
#.. #.#
#########.. #.#
########.....>.#..
#[#
#§§§.....#####.#..
#.# #@########
#.#.. #.# #W#
#.... #.# #§#
####. #§# #.
#.#####§## #.
#......).# #.
#######..# #. #..#
## .... .


You could see Gargoyl's ghost.

Vanquished Creatures
  An orc priest (D:3)
  Jessica (D:3)
  2 adders (D:2)
  An ooze (D:3)
  3 dart slugs (D:1)
  8 orcs (D:3)
  2 ball pythons
  7 bats
  5 giant cockroaches
  7 goblins
  11 hobgoblins
  3 kobolds
  A quokka (D:2)
  A frilled lizard (D:2)
  6 rats
59 creatures vanquished.

Notes
Turn   | Place    | Note
-------+----------+-------------------------------------------
     0 | D:1      | Ejeck the Hill Orc Fighter began the quest for the Orb.
     0 | D:1      | Reached XP level 1. HP: 19/19 MP: 1/1
    61 | D:1      | Reached XP level 2. HP: 12/27 MP: 2/2
   489 | D:1      | Reached XP level 3. HP: 33/33 MP: 3/3
   951 | D:2      | Reached XP level 4. HP: 24/40 MP: 4/4
  1163 | D:2      | Found a snail-covered altar of Cheibriados.
  1685 | D:3      | Reached XP level 5. HP: 37/46 MP: 5/5
  1806 | D:3      | Noticed Jessica
  1808 | D:3      | Killed Jessica
  1842 | D:3      | Noticed Gargoyl's ghost (amateur MiAK)
  1855 | D:3      | HP: 1/46 [Gargoyl's ghost (3)]
  1855 | D:3      | Slain by Gargoyl's ghost

Skill      XL: |  1  2  3  4 |
---------------+-------------+-----
Armour         | 4 |  4.5
Polearms       | 3 |  3.7
Shields        | 4 |  4.2
Fighting       | 4 |  4.1
Dodging        | |  0.2

Action                   |  1- 3 |  4- 6 || total
-------------------------+-------+-------++-------
Melee: Trident           |   124 |   107 ||   231
  Use: Scroll            |     5 |     3 ||     8
  Eat: Bread ration      |       |     1 ||     1
Armor: Scale mail        |    22 |       ||    22
       Chain mail        |    45 |       ||    45
       Plate armour      |    15 |    64 ||    79
Dodge: Dodged            |    35 |    17 ||    52
Block: Shield            |    74 |    54 ||   128
